Map: Thunderbird LE

Players

MaNa - Winner!

  • Race: Protoss Protoss
  • Spawn Location: 5:00

PappiJoe

  • Race: Protoss Protoss
  • Spawn Location: 11:00

VOD

Have the link to the VOD?

Description

Time

  • Played on: Sept. 6, 2019, 4:33 p.m.
  • Length: 10:08
Show
View Real Time Build Order
Export as new Build Order

MaNa Protoss - Winner!

Build Orders: Phoenix Opening 

Get SALT Encoding   

  12  0:00  Probe  
  13  0:12  Probe  
  14  0:19  Pylon  
  14  0:24  Probe  
  15  0:33  Probe  
  15  0:38  Gateway  
  15  0:41  Probe  
  16  0:46  Assimilator  
  17  0:51  Probe  
  17  0:54  Assimilator  
  18  1:00  Probe  
  19  1:09  Gateway, Probe  
  19  1:18  Probe  
  20  1:25  Cybernetics Core  
  21  1:30  Probe  
  22  1:35  Pylon  
  22  1:42  Probe  
  23  1:54  Probe  
  24  2:02  Warp Gate, Stalker  
  24  2:03  Sentry  
  28  2:13  Pylon  
  28  2:20  Robotics Facility  
  28  2:21  Probe  
  29  2:33  Stalker  
  29  2:36  Phoenix, Stalker  
  33  3:03  Probe  
  34  3:08  Immortal  
  38  3:22  Shield Battery  
  38  3:28  Pylon  
  38  3:38  Warp Prism  
  38  3:46  Shield Battery  
  42  3:51  Stalker  
  42  3:52  Zealot  
  42  3:53  Shield Battery  
  44  4:04  Gateway  
  44  4:13  Immortal  
  44  4:17  Pylon  
  46  4:39  Adept x2  
  50  4:53  Pylon  
  50  5:05  Immortal  
  54  5:22  Adept x2  
  54  5:23  Adept  
  60  5:32  Robotics Bay  
  60  5:38  Pylon  
  60  5:49  Pylon, Sentry  
  63  5:51  Pylon  
  55  6:00  Pylon  
  55  6:02  Observer  
  49  6:04  Pylon  
  49  6:30  Observer  
  50  6:41  Pylon  
  50  6:44  Probe  
  51  6:56  Probe  
  51  7:00  Adept x2  
  56  7:08  Nexus  
  56  7:13  Immortal  
  60  7:31  Probe  
  61  7:43  Probe  
  61  7:44  Disruptor  
  65  8:00  Probe  
  64  8:14  Adept x2  
  67  8:20  Probe  
  65  8:32  Probe  
  65  8:33  Immortal  
  69  8:45  Probe  
  70  8:52  Adept x3  
  76  9:12  Probe x2  
  76  9:25  Adept x3  
  76  9:28  Probe  
  74  9:45  Probe x2  
  75  10:05  Stalker  
  75  10:06  Stalker x2  
Show
View Real Time Build Order
Export as new Build Order

PappiJoe Protoss 

Build Orders:  

Get SALT Encoding   

  12  0:00  Probe  
  13  0:13  Probe  
  14  0:17  Pylon  
  14  0:23  Probe  
  15  0:31  Probe  
  15  0:40  Gateway, Probe  
  16  0:49  Assimilator  
  17  0:51  Probe  
  17  0:55  Assimilator  
  18  1:00  Probe  
  19  1:08  Gateway  
  19  1:09  Probe  
  20  1:20  Probe  
  21  1:27  Cybernetics Core  
  21  1:33  Probe  
  21  1:38  Pylon  
  22  1:45  Probe  
  23  2:05  Warp Gate, Robotics Facility  
  23  2:09  Adept x2  
  27  2:19  Pylon  
  26  2:39  Stalker x2  
  26  2:42  Immortal  
  34  3:01  Gateway  
  34  3:13  Warp Prism  
  36  3:41  Pylon, Twilight Council  
  34  3:51  Immortal  
  38  4:03  Stalker  
  38  4:05  Stalker  
  42  4:18  Dark Shrine  
  42  4:21  Pylon  
  42  4:30  Adept  
  44  4:43  Adept x2  
  48  5:30  Pylon  
  48  5:31  Dark Templar x2  
  48  5:32  Dark Templar  
  44  6:07  Dark Templar  
  42  6:24  Dark Templar  
  36  6:39  Robotics Bay  
  36  6:45  Zealot x2  
  40  6:54  Probe  
  41  7:02  Nexus  
  41  7:03  Adept  
  41  7:05  Adept  
  41  7:06  Probe  
  46  7:14  Robotics Facility  
  45  7:17  Adept  
  45  7:18  Probe  
  45  7:30  Probe  
  46  7:43  Probe  
  47  7:55  Probe  
  46  7:59  Disruptor  
  49  8:14  Probe  
  47  8:24  Adept x2  
  47  8:26  Probe  
  49  8:28  Probe  
  49  8:29  Disruptor  
  50  8:38  Probe  
  50  8:40  Probe  
  53  8:48  Adept x2  
  53  8:50  Probe  
  53  8:52  Probe  
  57  9:02  Pylon, Probe  
  58  9:05  Pylon  
  58  9:09  Adept  
  61  9:15  Disruptor  
  60  9:28  Stalker  
  60  9:29  Zealot x2  
  55  9:48  Assimilator  
  55  9:50  Adept x2  
  55  9:51  Adept  
  55  9:52  Assimilator  
Tags
 
Add a new tag
Caveats
  • Supply blocks, unpowered buildings, or Contaminate may cause inaccurate times.
  • Supply counts are checked every 10 seconds.